 Dungeon Crawl Stone Soup version 0.27-a0-1317-gd1140b374c (webtiles) character file.

Game seed: 2921372198775236348

597 Froggeryz the Cleaver (level 7, -1/55 HPs)
             Began as a Palentonga Abyssal Knight on June 21, 2021.
             Was a Believer of Lugonu.
             Slain by Grinder (5 damage)
             ... on level 5 of the Dungeon.
             The game lasted 00:06:16 (5184 turns).

Froggeryz the Cleaver (Palentonga Abyssal Knight)   Turns: 5184, Time: 00:06:16

Health: -1/55      AC: 13    Str: 17    XL:     7   Next: 17%
Magic:  17/17      EV:  8    Int: 12    God:    Lugonu [**....]
Gold:   171        SH:  5    Dex: 10    Spells: 6/6 levels left

rFire    . . .     SeeInvis +   a - +1 hand axe
rCold    + . .     Faith    .   (no shield)
rNeg     . . .     Spirit   .   c - +0 ring mail
rPois    .         Reflect  +   m - +0 helmet
rElec    .         Harm     .   (no cloak)
rCorr    .         Rampage  .   (no gloves)
Will     .....                  (no barding)
Stlth    ..........             o - amulet of reflection
HPRegen  0.18/turn              f - ring of protection from cold
MPRegen  0.15/turn              h - ring of magical power

@: curled up
A: large, rugged brown scales 3, see invisible, deformed body, roll 1, armoured
tail, reflexive curl
a: Rolling Charge, Renounce Religion, Depart the Abyss, Bend Space


You were on level 5 of the Dungeon.
You worshipped Lugonu.
Lugonu was pleased with you.
You visited 2 branches of the dungeon, and saw 6 of its levels.
You visited the Abyss 1 time.

You collected 171 gold pieces.

Inventory:

Hand Weapons
 a - a +1 hand axe (weapon)
 k - a +0 war axe
Missiles
 e - 6 javelins (quivered)
Armour
 c - a +0 ring mail (worn)
 m - a +0 helmet (worn)
Jewellery
 f - a ring of protection from cold (left hand)
 h - a ring of magical power (right hand)
 o - an amulet of reflection (around neck)
Wands
 g - a wand of polymorph (4)
Scrolls
 i - 2 scrolls of teleportation
Potions
 b - a potion of degeneration
 j - a potion of ambrosia
 l - a potion of cancellation


   Skills:
 - Level 3.0 Fighting
 * Level 8.0 Axes
 - Level 1.5 Armour
 - Level 0.7 Dodging
 - Level 2.0 Invocations


You had 6 spell levels left.
You didn't know any spells.
Your spell library was empty.

Dungeon Overview and Level Annotations

Branches:
Dungeon (5/15)             Temple (1/1) D:4

Altars:
Fedhas
Gozag
Nemelex Xobeh
Qazlal
Sif Muna
Vehumet
Xom
Yredelemnul

Annotations:
D:5 Grinder


Innate Abilities, Weirdness & Mutations

You are completely covered in rugged brown scales. (AC +3, +7% HP)
You have supernaturally acute eyesight. (SInv)
Armour fits poorly on your strangely shaped body.
You can roll at nearby foes to attack.
You have a long armoured tail.
You curl defensively after being hit.


Message History

Grinder gestures at you. You resist with significant effort.
There is an escape hatch in the floor here.
Space bends around you!
You blink.
Grinder gestures at you. Pain shoots through your body!
Grinder blinks!
Grinder says, "What is the universe for?"
Grinder gestures at you.
You suddenly lose the ability to move!
Grinder hits you!
You writhe in agony.
* * * LOW HITPOINT WARNING * * *
Grinder hits you but does no damage. x2
Grinder hits you.
* * * LOW HITPOINT WARNING * * *
You writhe in agony.
* * * LOW HITPOINT WARNING * * *
Grinder hits you but does no damage. Grinder gestures at you.
You shrug off the repeated paralysis!
Grinder hits you.
* * * LOW HITPOINT WARNING * * *
You can move again.
There is a stone staircase leading up, spattered with blood here.
Unknown command.
Unknown command.
Unknown command.
You feel better. You block Grinder's attack.
Grinder hits you but does no damage.
You closely miss Grinder. Grinder hits you but does no damage.
You barely miss Grinder.
You tail-slap Grinder, but do no damage.
Grinder hits you.
* * * LOW HITPOINT WARNING * * *
You writhe in agony.
* * * LOW HITPOINT WARNING * * *
Grinder barely misses you. Grinder hits you.
* * * LOW HITPOINT WARNING * * *
You writhe in agony.
You die...

##########
.........###########
########@5.........#
####.#.####>#
#.#.####.#
#.#.#....#
#.#.#.#..#
.####.#.#.#..#
..........#..#
#####.#...#..#
#..###...#


You could see Grinder (fast).

Vanquished Creatures
  Sigmund (D:2)
  An ogre (D:4)
  A hound (D:4)
  An orc priest (D:3)
  A centaur skeleton (D:4)
  Natasha (thrice) (D:2)
  An orc wizard (D:3)
  A hound skeleton (D:4)
  Robin (D:3)
  3 adders
  A shadow imp (D:4)
  An ufetubus (D:4)
  3 dart slugs
  20 orcs
  8 ball pythons
  4 bats
  6 endoplasms
  4 giant cockroaches
  6 hobgoblins
  2 quokkas (D:3)
  3 frilled lizards
  14 goblins
  A jackal skeleton (D:4)
  6 kobolds
  2 rats
95 creatures vanquished.

Vanquished Creatures (collateral kills)
  2 orcs (D:4)
  A hobgoblin (D:4)
3 creatures vanquished.

Grand Total: 98 creatures vanquished

Notes
Turn   | Place    | Note
-------+----------+-------------------------------------------
     0 | Abyss:1  | Froggeryz the Palentonga Abyssal Knight began the quest for
                  | the Orb.
     0 | Abyss:1  | Reached XP level 1. HP: 19/19 MP: 2/2
    20 | Abyss:1  | Noticed a large abomination
    90 | Abyss:3  | Noticed a chaos spawn
   111 | Abyss:3  | Noticed a neqoxec
   115 | D:1      | Escaped the Abyss
   573 | D:1      | Reached XP level 2. HP: 25/25 MP: 3/3
   637 | D:1      | Found a faded altar of an unknown god.
  1047 | D:2      | Reached skill level 3 in Axes
  1250 | D:2      | Reached * piety under Lugonu
  1251 | D:2      | Reached XP level 3. HP: 23/31 MP: 4/4
  1779 | D:2      | Noticed Natasha
  1787 | D:2      | Noticed Sigmund
  2026 | D:2      | Killed Natasha
  2027 | D:2      | Reached skill level 4 in Axes
  2027 | D:2      | Reached XP level 4. HP: 20/37 MP: 5/5
  2051 | D:2      | Killed Sigmund
  2052 | D:2      | Reached skill level 6 in Axes
  2052 | D:2      | Reached XP level 5. HP: 26/43 MP: 6/6
  2234 | D:2      | Noticed Natasha
  2237 | D:2      | Killed Natasha
  2419 | D:2      | Noticed Natasha
  2421 | D:2      | Killed Natasha
  2422 | D:2      | Reached XP level 6. HP: 43/50 MP: 7/7
  2503 | D:3      | HP: 2/50 [orc priest/divine providence (10)]
  3053 | D:3      | Reached ** piety under Lugonu
  3331 | D:3      | Noticed Robin
  3387 | D:3      | Killed Robin
  3570 | D:3      | Found a blossoming altar of Fedhas.
  3613 | D:3      | Found a sparkling altar of Nemelex Xobeh.
  3692 | D:3      | Reached skill level 7 in Axes
  4281 | D:4      | Found a staircase to the Ecumenical Temple.
  4305 | Temple   | Entered the Ecumenical Temple
  4582 | D:4      | Gained mutation: You curl defensively after being hit.
                  | [Palentonga growth]
  4582 | D:4      | Reached XP level 7. HP: 44/55 MP: 8/8
  4926 | D:4      | Reached skill level 8 in Axes
  5142 | D:5      | Entered Level 5 of the Dungeon
  5156 | D:5      | Noticed Grinder
  5175 | D:5      | Paralysed by Grinder for 6 turns
  5184 | D:5      | Slain by Grinder

Illustrated notes

Levels and vault maps discovered:
D:1:      minmay_arrival_wavy_path, layout_basic,
          shapermc_ecumenical_altar_flowoftime
D:2:      layout_rooms, uniq_natasha, uniq_sigmund
D:3:      layout_loops_ring, nemelex_dance_club_becter, fedhas_altar_4,
          kennysheep_cross_bottleneck, kennysheep_generic_room_13, uniq_robin
D:4:      layout_gridville, minmay_temple_entry_mini_moons
D:5:      layout_loops_ring, lemuel_doored_altar, gup_sewer_entry_pipe,
          gammafunk_ghost_gnarly_gnolls, nicolae_shop_firing_range, uniq_pikel,
          uniq_grinder
Temple:   eino_temple_lava

Skill      XL: |  1  2  3  4  5  6  7 |
---------------+----------------------+-----
Axes           | 3 4 6 7 8 |  8.0
Fighting       | |  3.0
Armour         | |  1.5
Dodging        | |  0.7
Invocations    | |  2.0

Action                   |  1- 3 |  4- 6 |  7- 9 || total
-------------------------+-------+-------+-------++-------
Melee: Hand axe          |    78 |   161 |    33 ||   272
       Tailslap          |     9 |    20 |     4 ||    33
       Unarmed           |     9 |       |       ||     9
Throw: Javelin           |       |     2 |       ||     2
Invok: Depart the Abyss  |     1 |       |       ||     1
       Bend Space        |       |       |     2 ||     2
 Abil: Rolling Charge    |    18 |     8 |       ||    26
Evoke: Wand              |       |     1 |       ||     1
  Use: Scroll            |     2 |       |     4 ||     6
       Potion            |     2 |     8 |     1 ||    11
 Stab: Invisible         |       |     1 |       ||     1
Armor: Ring mail         |    27 |    47 |    19 ||    93
       Skin              |       |     2 |       ||     2
Dodge: Dodged            |    36 |    68 |     6 ||   110
Block: Other             |       |       |     4 ||     4

Table legend: (Time is in decaauts)
 A = Elapsed time spent in this place.
 B = Non-inter-level travel time spent in this place.
 C = Inter-level travel time spent in this place.
 D = Time resting spent in this place.
 E = Time spent auto-exploring this place.
 F = Levels seen in this place.
 G = Mean time per level.
                   A        B        C        D        E       F      G
               +--------+--------+--------+--------+--------+-----+--------+
         Total |   5185 |   5009 |    176 |   1107 |   3176 |   9 |  576.1 |
       Dungeon |   4854 |   4678 |    176 |    892 |   3147 |   5 |  970.8 |
        Temple |    216 |    216 |      0 |    215 |      0 |   1 |  216.0 |
         Abyss |    114 |    114 |      0 |      0 |     29 |   3 |   38.0 |
               +--------+--------+--------+--------+--------+-----+--------+

Top non-repeatable levels by time:
     D:3: 1479 daAuts
     D:2: 1381 daAuts
     D:1: 1143 daAuts
     D:4: 808 daAuts
  Temple: 216 daAuts
 Abyss:3: 75 daAuts
     D:5: 41 daAuts
 Abyss:1: 20 daAuts
 Abyss:2: 18 daAuts
